AoeStats
← Accor

Arena

509994642Analyzed
4v4 RM · 4d ago on Sep 29, 2026· 49m 50s· 8 players
Game mode
Random Map
Map size
Large (8 player)
Population
200
Speed
Normal
Resources
Standard
Victory
Conquest
Starting age
Dark Age
Ending age
Imperial Age
RankedLock teamsTeams togetherTeam positionsShared explorationLock speedFull tech treeHidden civsTurbo modeCheats
Victory
Defeat
🇧🇪 Malians · Belgium
1055
+11
🇬🇧 Mongols · United Kingdom
1023
+13
🇩🇪 Bohemians · Germany
1003
+14
🇨🇦 Danes · Canada
981
+14
🇨🇱 Saracens · Chile
1007
-15
🇨🇱 Magyars · Chile
941
-13
🇧🇷 Japanese · Brazil
926
-12
🇧🇷 Hindustanis · Brazil
926
-12
Rage of Khorne
0:42 Loom
10:26 Feudal Age
11:21 Double-Bit Axe
11:19 Horse Collar
17:59 Castle Age
16:11 Stone Mining
19:29 Bow Saw
19:59 Stone Shaft Mining
21:07 Heavy Plow
27:05 Gold Mining
27:28 Scale Mail Armor
27:39 Forging
28:09 Wheelbarrow
28:27 Gold Shaft Mining
29:26 Hand Cart
29:16 Gambesons
29:17 Arson
29:40 Squires
33:06 Chain Mail Armor
33:26 Iron Casting
33:35 Pikeman
42:14 Hamask
45:29 Imperial Age
48:41 Plate Mail Armor
49:12 Blast Furnace
48:35 Conscription
47:42 Northmen's Fury
47:47 Capped Ram
47:48 Onager
48:59 Siege Ram
49:06 Elite Varangian Guard
Accor
9:41 Feudal Age
11:30 Horse Collar
12:59 Loom
15:48 Castle Age
14:54 Double-Bit Axe
15:40 Loom
17:06 Heavy Plow
17:34 Fletching
17:46 Padded Archer Armor
25:01 Ballistics
25:10 Bow Saw
27:02 Wheelbarrow
27:50 Forging
30:56 Imperial Age
29:15 Leather Archer Armor
28:57 Bodkin Arrow
29:36 Thumb Ring
30:01 Gold Mining
30:06 Stone Mining
30:14 Town Watch
31:17 Iron Casting
31:10 Bloodlines
31:00 Husbandry
31:27 Hand Cart
32:04 Conscription
32:05 Drill
32:15 Drill
31:22 Onager
32:58 Siege Engineers
33:57 Chemistry
41:24 Siege Onager
44:18 Elite Mangudai
50:03 Bracer
El tigre Abelardo
10:08 Feudal Age
10:14 Feudal Age
14:28 Castle Age
12:32 Double-Bit Axe
15:42 Bow Saw
21:07 Horse Collar
23:19 Wheelbarrow
22:35 Town Watch
25:17 Gold Mining
27:00 Gold Shaft Mining
26:27 Heavy Plow
29:40 Imperial Age
27:21 Scale Barding Armor
27:27 Forging
27:18 Scale Mail Armor
27:36 Loom
27:48 Fletching
29:57 Chain Barding Armor
30:13 Iron Casting
29:54 Chain Mail Armor
30:24 Hand Cart
30:10 Town Patrol
30:25 Bloodlines
30:16 Husbandry
29:52 Cavalier
30:34 Farimba
30:55 Conscription
30:30 Heavy Camel Rider
31:29 Bodkin Arrow
32:28 Plate Barding Armor
32:42 Squires
32:28 Arson
32:03 Man-at-Arms
32:33 Light Cavalry
34:12 Plate Mail Armor
33:04 Long Swordsman
35:31 Tigui
37:39 Crop Rotation
42:09 Ballistics
42:50 Chemistry
41:46 Murder Holes
42:03 Treadmill Crane
42:33 Masonry
42:13 Heated Shot
45:05 Architecture
44:46 Fortified Wall
45:50 Caravan
Hrakiir
10:36 Feudal Age
10:42 Loom
15:15 Castle Age
13:35 Horse Collar
13:42 Double-Bit Axe
23:17 Heavy Plow
31:03 Imperial Age
29:18 Bow Saw
31:18 Chemistry
32:26 Conscription
33:45 Siege Engineers
35:16 Houfnice
38:31 Padded Archer Armor
49:43 Wagenburg Tactics
Completosinpalta
11:12 Feudal Age
12:19 Double-Bit Axe
12:15 Horse Collar
17:28 Castle Age
15:16 Loom
25:08 Ballistics
24:56 Gold Mining
24:56 Stone Mining
26:12 Gold Shaft Mining
26:46 Wheelbarrow
26:51 Stone Mining
27:26 Heavy Plow
27:58 Bow Saw
29:26 Hand Cart
32:14 Imperial Age
29:46 Padded Archer Armor
29:36 Fletching
30:03 Masonry
30:51 Corvinian Army
31:45 Thumb Ring
32:39 Scale Barding Armor
33:56 Two-Man Saw
33:17 Leather Archer Armor
34:05 Conscription
33:51 Recurve Bow
34:07 Bodkin Arrow
35:14 Conscription
35:20 Husbandry
35:30 Bloodlines
36:06 Parthian Tactics
37:30 Elite Magyar Huszar
39:22 Heavy Cavalry Archer
41:36 Chain Barding Armor
42:55 Plate Barding Armor
42:51 Ring Archer Armor
42:21 Bracer
46:06 Siege Engineers
45:56 Murder Holes
47:02 Chemistry
SirCardoso
12:47 Feudal Age
14:40 Double-Bit Axe
17:16 Castle Age
18:22 Wheelbarrow
20:18 Horse Collar
21:13 Loom
23:57 Padded Archer Armor
30:26 Imperial Age
28:17 Leather Archer Armor
29:16 Thumb Ring
30:14 Ballistics
30:27 Heavy Plow
32:09 Chemistry
31:25 Fletching
33:45 Gold Mining
34:58 Bow Saw
37:57 Conscription
38:40 Elite Skirmisher
43:18 Scale Barding Armor
43:24 Forging
43:13 Heavy Camel Rider
47:06 Chain Barding Armor
47:22 Iron Casting
47:40 Bloodlines
48:40 Plate Barding Armor
Chumbeque
8:33 Loom
10:37 Feudal Age
15:07 Castle Age
15:19 Double-Bit Axe
15:16 Horse Collar
21:54 Town Watch
22:49 Bow Saw
25:14 Wheelbarrow
26:14 Hand Cart
28:00 Fortified Wall
28:28 Town Patrol
28:23 Stone Mining
32:49 Imperial Age
30:13 Fletching
30:33 Gold Mining
31:13 Ballistics
31:35 Elite Skirmisher
32:14 Bodkin Arrow
32:21 Padded Archer Armor
32:27 Scale Barding Armor
32:25 Husbandry
32:36 Bloodlines
32:42 Pikeman
33:23 Squires
33:43 Heavy Plow
34:48 Two-Man Saw
35:47 Thumb Ring
36:34 Bracer
36:56 Chain Barding Armor
36:47 Forging
36:45 Heavy Camel Rider
39:12 Murder Holes
39:23 Siege Engineers
39:32 Masonry
luiz
3:25 Loom
11:41 Feudal Age
16:44 Castle Age
16:12 Double-Bit Axe
16:38 Horse Collar
17:31 Pikeman
18:20 Squires
19:50 Bow Saw
20:21 Wheelbarrow
25:39 Arson
27:12 Town Watch
34:23 Imperial Age
32:18 Stone Mining
32:22 Gold Mining
33:13 Forging
33:41 Scale Mail Armor
37:11 Iron Casting
36:52 Chain Mail Armor
39:42 Conscription
40:29 Blast Furnace
39:35 Scale Barding Armor
39:28 Cavalier
40:09 Husbandry
43:30 Chain Barding Armor
43:01 Fletching
45:25 Light Cavalry
46:15 Bloodlines
48:51 Heavy Plow
Connection lost

Rejoining the realm…

Still unreachable

The connection could not be restored.

Session expired

The server has moved on; the page needs a fresh start.